Map: Whitewater Line LE

Players

Leyak

  • Race: Zerg Zerg
  • League: Diamond
  • Spawn Location: 12:00

LaMeRz

  • Race: Zerg Zerg
  • League: Gold
  • Spawn Location: 1:00

JBorrasca

  • Race: Protoss Protoss
  • Spawn Location: 1:00

TherevaxCHL

  • Race: Protoss Protoss
  • Spawn Location: 7:00

Odaeng

  • Race: Zerg Zerg
  • Spawn Location: 6:00

Dorfbeep

  • Race: Protoss Protoss
  • Spawn Location: 7:00

VOD

Have the link to the VOD?

Description

Zerg build for Nydus + Swarm host at 4 minutes

Time

  • Played on: Dec. 2, 2022, 5:41 p.m.
  • Length: 8:59
Show
View Real Time Build Order
Export as new Build Order

Leyak Zerg 

Build Orders: Hatch First 

Get SALT Encoding   

  12  0:00  Drone  
  13  0:21  Overlord  
  13  0:22  Drone  
  14  0:40  Drone x2  
  16  0:45  Drone  
  17  0:57  Hatchery  
  17  1:02  Drone  
  17  1:15  Spawning Pool  
  17  1:16  Extractor  
  15  1:26  Drone x3  
  18  1:41  Drone  
  19  1:49  Overlord  
  19  1:58  Drone  
  20  2:03  Queen  
  22  2:11  Queen  
  24  2:17  Extractor  
  24  2:22  Metabolic Boost  
  23  2:31  Drone x6  
  29  2:43  Spore Crawler  
  28  2:54  Spore Crawler  
  27  3:05  Drone  
  27  3:06  Drone x5  
  33  3:18  Overlord  
  33  3:19  Drone x3  
  36  3:30  Lair  
  36  3:44  Zergling x2  
  36  3:45  Zergling x4  
  39  4:00  Overlord  
  39  4:01  Drone x3  
  39  4:02  Drone  
  43  4:04  Hatchery  
  43  4:05  Zergling x4  
  44  4:34  Zergling x2  
  44  4:35  Zergling x8  
  46  4:41  Zergling x12  
  41  4:50  Spine Crawler  
  38  4:54  Spine Crawler  
  38  4:55  Queen  
  38  4:56  Queen  
  41  5:04  Spire  
  40  5:19  Queen  
  40  5:21  Drone x3  
  45  5:40  Drone x6  
  51  5:48  Overlord  
  51  5:49  Drone  
  53  5:50  Drone  
  53  6:02  Drone  
  54  6:06  Drone x4  
  54  6:07  Drone x2  
  58  6:16  Mutalisk x2  
  33  6:33  Mutalisk x2  
  37  6:42  Mutalisk  
  39  6:59  Queen  
  41  7:05  Drone x2  
  36  7:16  Drone x3  
  36  7:17  Drone  
  40  7:29  Drone x2  
  39  7:43  Drone x2  
  41  7:59  Overlord  
  41  8:13  Overlord  
  38  8:23  Overlord x2  
  38  8:24  Overlord  
  38  8:26  Mutalisk  
Show
View Real Time Build Order
Export as new Build Order

LaMeRz Zerg 

Build Orders: Hatch First 

Get SALT Encoding   

  12  0:01  Drone  
  13  0:12  Overlord  
  13  0:17  Drone  
  14  0:32  Drone x2  
  16  0:53  Drone  
  17  0:57  Hatchery, Drone  
  17  1:00  Drone  
  18  1:11  Extractor  
  18  1:17  Spawning Pool  
  16  1:20  Drone  
  16  1:23  Drone  
  18  1:30  Drone  
  19  1:54  Overlord  
  19  1:56  Drone  
  20  2:14  Queen x2  
  24  2:15  Drone  
  24  2:16  Drone x2  
  24  2:18  Metabolic Boost  
  24  2:21  Zergling x2  
  28  2:24  Zergling x2  
  29  2:32  Zergling x2  
  29  2:34  Zergling x2  
  31  2:41  Overlord  
  31  2:48  Zergling x2  
  32  2:57  Zergling x2  
  32  2:58  Zergling x2  
  34  3:05  Baneling Nest, Drone  
  34  3:14  Drone  
  35  4:15  Zergling x16  
  43  4:28  Spore Crawler  
  43  4:30  Spore Crawler  
  41  4:32  Roach Warren  
  41  4:34  Lair  
  40  4:46  Zergling x6  
  40  4:47  Zergling x4  
  37  5:07  Drone  
  37  5:28  Zergling x2  
  38  5:37  Overseer  
  38  5:40  Baneling  
  38  5:41  Baneling x12  
  38  5:46  Overlord x3  
  38  5:54  Hatchery  
  37  6:06  Zergling x2  
  37  6:07  Zergling x10  
  40  6:20  Zergling x2  
  31  6:56  Zergling x6  
  25  7:02  Queen  
  9  7:31  Drone x2  
  9  7:32  Drone x4  
  15  7:50  Roach x2  
  19  7:57  Roach  
  15  8:12  Roach x4  
  23  8:20  Roach  
  25  8:34  Roach  
Show
View Real Time Build Order
Export as new Build Order

JBorrasca Protoss 

Build Orders: Dark Templar Rush 

Get SALT Encoding   

  12  0:02  Probe  
  13  0:18  Pylon  
  13  0:20  Probe (Chrono Boost)  
  14  0:29  Probe (Chrono Boost)  
  14  0:34  Probe (Chrono Boost)  
  15  0:41  Forge  
  16  0:51  Gateway  
  16  0:57  Assimilator  
  16  1:03  Probe  
  17  1:15  Probe  
  17  1:16  Assimilator  
  18  1:28  Probe  
  18  1:32  Pylon  
  19  1:40  Cybernetics Core, Probe (Chrono Boost)  
  20  1:52  Probe (Chrono Boost)  
  21  1:57  Probe (Chrono Boost)  
  21  2:00  Photon Cannon  
  22  2:09  Photon Cannon  
  22  2:20  Twilight Council  
  22  2:22  Warp Gate  
  22  2:40  Pylon  
  22  2:50  Robotics Facility  
  22  2:59  Dark Shrine  
  22  3:13  Gateway  
  22  3:16  Gateway  
  22  3:25  Gateway  
  22  3:36  Warp Prism (Chrono Boost)  
  24  3:49  Probe  
  25  4:09  Photon Cannon  
  25  4:35  Dark Templar x4  
  23  5:38  Pylon  
  23  5:53  Nexus  
  23  6:00  Dark Templar x2  
  27  6:05  Protoss Ground Weapons Level 1  
  27  6:07  Charge  
  27  6:09  Nexus  
  27  6:24  Probe  
  28  6:36  Probe (Chrono Boost)  
  30  6:48  Probe (Chrono Boost)  
  30  6:49  Pylon  
  30  6:50  Pylon  
  30  6:52  Pylon  
  30  6:53  Probe (Chrono Boost)  
  30  7:00  Dark Templar x2  
  35  7:02  Probe  
  36  7:10  Observer  
  36  7:14  Probe  
  38  7:23  Probe  
  38  7:29  Probe  
  40  7:35  Probe (Chrono Boost)  
  42  7:45  Probe (Chrono Boost)  
  42  7:47  Probe (Chrono Boost)  
  42  7:50  Pylon  
  43  7:54  Dark Templar x3  
  43  7:55  Probe (Chrono Boost)  
  43  7:56  Probe (Chrono Boost)  
  51  8:01  Zealot  
  51  8:02  Probe  
  52  8:05  Probe  
  53  8:14  Probe  
  52  8:21  Archon  
  52  8:23  Stalker  
  52  8:29  Stalker x3  
  52  8:31  Photon Cannon  
  48  8:44  Photon Cannon  
  48  8:46  Photon Cannon  
  48  8:48  Stalker  
  48  8:54  Photon Cannon  
Show
View Real Time Build Order
Export as new Build Order

TherevaxCHL Protoss 

Build Orders:  

Get SALT Encoding   

  12  0:00  Probe (Chrono Boost)  
  13  0:12  Probe (Chrono Boost)  
  14  0:17  Probe (Chrono Boost)  
  15  0:28  Pylon  
  15  0:33  Assimilator  
  15  0:46  Probe  
  16  0:58  Probe  
  17  1:07  Gateway  
  17  1:10  Probe (Chrono Boost)  
  18  1:12  Gateway  
  18  1:22  Probe (Chrono Boost)  
  18  1:24  Assimilator  
  19  1:28  Probe (Chrono Boost)  
  19  1:31  Pylon  
  20  1:36  Probe  
  20  1:37  Pylon  
  21  2:07  Nexus  
  21  2:19  Cybernetics Core  
  21  2:27  Probe  
  22  2:39  Probe  
  23  2:51  Probe  
  24  3:01  Forge  
  24  3:03  Warp Gate (Chrono Boost), Probe  
  24  3:04  Stalker x2  
  29  3:15  Probe (Chrono Boost)  
  31  3:21  Probe (Chrono Boost)  
  31  3:26  Probe (Chrono Boost)  
  32  3:29  Probe (Chrono Boost)  
  32  3:32  Probe (Chrono Boost)  
  32  3:34  Robotics Facility, Probe (Chrono Boost)  
  34  3:40  Pylon  
  35  3:46  Stalker  
  37  3:53  Stalker  
  39  4:14  Assimilator  
  39  4:18  Stalker  
  39  4:19  Immortal (Chrono Boost)  
  39  4:23  Protoss Shields Level 1 (Chrono Boost)  
  45  4:43  Gateway  
  45  4:47  Gateway  
  45  4:49  Stalker  
  45  4:51  Observer  
  41  5:22  Probe (Chrono Boost)  
  41  5:28  Stalker x2  
  44  5:33  Observer, Probe (Chrono Boost)  
  43  5:38  Probe (Chrono Boost)  
  44  5:46  Stalker x2  
  44  5:49  Probe  
  49  5:52  Stalker  
  49  5:53  Stalker  
  53  5:58  Immortal  
  53  6:00  Pylon  
  53  6:01  Probe  
  45  6:26  Stalker  
  47  8:27  Probe  
  46  8:39  Probe  
Show
View Real Time Build Order
Export as new Build Order

Odaeng Zerg 

Build Orders: Pool First, Swarm Host 

Get SALT Encoding   

  12  0:00  Drone  
  13  0:08  Drone  
  14  0:33  Spawning Pool  
  14  0:34  Drone  
  14  0:41  Extractor, Drone  
  14  0:46  Extractor, Overlord  
  13  0:51  Drone  
  14  1:06  Drone  
  14  1:07  Drone  
  16  1:20  Drone  
  17  1:29  Drone  
  18  1:34  Lair  
  18  1:39  Overlord  
  18  1:49  Drone  
  19  2:04  Spine Crawler  
  19  2:05  Drone  
  19  2:10  Spore Crawler  
  19  2:11  Drone  
  19  2:21  Drone  
  20  2:32  Infestation Pit  
  20  2:34  Drone  
  20  2:39  Nydus Network  
  19  2:46  Overlord  
  19  2:58  Drone  
  20  3:02  Queen  
  22  3:10  Swarm Host  
  25  3:18  Swarm Host  
  28  3:26  Swarm Host  
  31  3:36  Swarm Host  
  34  3:47  Swarm Host  
  37  3:53  Nydus Canal  
  37  4:19  Nydus Canal  
  37  4:24  Overlord x2  
  37  4:25  Overlord  
  37  4:34  Nydus Canal  
  37  4:45  Swarm Host  
  40  4:55  Overseer x2  
  40  5:43  Hatchery  
  39  6:32  Nydus Canal  
  39  7:02  Drone  
  40  7:26  Nydus Canal  
  40  7:44  Nydus Canal  
  40  8:19  Nydus Canal  
Show
View Real Time Build Order
Export as new Build Order

Dorfbeep Protoss 

Build Orders: Dark Templar Rush 

Get SALT Encoding   

  12  0:01  Probe (Chrono Boost)  
  13  0:14  Probe (Chrono Boost)  
  14  0:22  Pylon  
  14  0:24  Probe  
  15  0:31  Assimilator  
  15  0:43  Gateway  
  15  0:44  Probe  
  16  0:58  Forge, Probe (Chrono Boost)  
  17  1:06  Assimilator  
  17  1:11  Probe (Chrono Boost)  
  19  1:19  Probe (Chrono Boost)  
  19  1:31  Cybernetics Core  
  19  1:33  Probe  
  20  1:41  Photon Cannon  
  20  1:45  Probe  
  21  2:00  Pylon  
  21  2:03  Probe  
  22  2:12  Twilight Council  
  22  2:18  Robotics Facility  
  22  2:25  Warp Gate  
  22  2:38  Gateway  
  22  2:45  Gateway  
  22  2:54  Dark Shrine  
  22  3:06  Warp Prism (Chrono Boost)  
  24  3:14  Charge (Chrono Boost)  
  24  3:26  Gateway  
  24  3:32  Pylon  
  24  4:32  Dark Templar  
  24  4:33  Dark Templar x3  
  24  5:06  Photon Cannon  
  24  5:10  Pylon  
  24  5:29  Zealot x3  
  24  5:30  Zealot  
  24  5:32  Pylon  
  32  5:52  Dark Templar  
  32  5:53  Dark Templar x2  
  32  5:55  Zealot  
  26  6:52  Dark Templar x3  
  30  6:55  Zealot  
  24  7:33  Zealot  
  24  7:34  Zealot x3  
  32  7:42  Nexus  
  32  7:44  Photon Cannon  
  32  7:45  Photon Cannon  
  32  7:47  Shield Battery  
  32  8:04  Dark Templar x3  
  38  8:09  Zealot  
  40  8:39  Zealot x3  
  40  8:40  Zealot  
Tags
 
Add a new tag
Caveats
  • Supply blocks, unpowered buildings, or Contaminate may cause inaccurate times.
  • Supply counts are checked every 10 seconds.